 Seeded DCSS version 0.29-a0-359-g541a27f54d (webtiles) character file.

Game seed: 2364543799250634364 (custom seed)

83 zeratav the Chiller (level 4, -3/33 HPs)
             Began as a Demigod Ice Elementalist on Apr 28, 2022.
             Slain by an orc wizard
             ... wielding a +0 dagger
              (4 damage)
             ... on level 3 of the Dungeon.
             The game lasted 00:04:26 (2507 turns).

zeratav the Chiller (Demigod Ice Elementalist)      Turns: 2507, Time: 00:04:27

Health: -3/33      AC: 17    Str: 19    XL:     4   Next: 2%
Magic:  10/10      EV:  7    Int: 17    God:
Gold:   111        SH:  0    Dex: 14    Spells: 7/8 levels left

rFire   . . .      SeeInvis .   d - +0 dagger (flame) {short}
rCold   . . .      Faith    .   (no shield)
rNeg    . . .      Spirit   .   g - +0 chain mail
rPois   .          Reflect  .   (no helmet)
rElec   .          Harm     .   (no cloak)
rCorr   .          Rampage  .   i - +3 pair of gauntlets of War {Slay+5}
Will    .....                   f - +0 pair of boots
Stlth   ..........              t - amulet of the acrobat
HPRegen 0.11/turn               k - +6 ring of strength
MPRegen 0.12/turn               u - +4 ring of protection

@: no status effects
A: high MP 1, forlorn, divine attributes
a: no special abilities


You were on level 3 of the Dungeon.
You visited 1 branch of the dungeon, and saw 3 of its levels.

You collected 111 gold pieces.


Innate Abilities, Weirdness & Mutations

You have an increased reservoir of magic. (+10% MP)
You shall have no god before yourself.
Your divine heritage dramatically boosts your attributes as you level up.


   Skills:
 - Level 1.7 Dodging
 - Level 1.7 Stealth
 + Level 2.5 Spellcasting
 * Level 4.8 Ice Magic


You had 7 spell levels left.
You knew the following spells:

 Your Spells              Type           Power      Damage    Failure   Level
a - Freeze                Ice            72%        1d9       34%         1

Your spell library contained the following spells:

 Spells                   Type           Power      Damage    Failure   Level
 Frozen Ramparts          Ice            36%        1d5       71%         3
 Ozocubu's Armour         Ice            18%        N/A       71%         3
 Hailstorm                Conj/Ice       10%        3d5       100%        4

Inventory:

Hand Weapons
 d - a +0 dagger of flaming (weapon) {short}
   (You took it off a kobold on level 1 of the Dungeon)
 q - a +1 dagger of venom {short}
   (You took it off a goblin on level 2 of the Dungeon)
Armour
 a - a +0 robe
 f - a +0 pair of boots (worn)
   (You found it on level 1 of the Dungeon)
 g - a +0 chain mail (worn)
   (You found it on level 1 of the Dungeon)
 i - the +3 pair of gauntlets of War (worn) {Slay+5}
   (You acquired it on level 1 of the Dungeon)

   Slay:      It affects your accuracy & damage with ranged weapons and melee
   (+5).
Jewellery
 j - a ring of wizardry
   (You found it on level 1 of the Dungeon)
 k - a +6 ring of strength (left hand)
   (You found it on level 2 of the Dungeon)
 t - an amulet of the acrobat (around neck)
   (You found it on level 2 of the Dungeon)
 u - a +4 ring of protection (right hand)
   (You found it on level 3 of the Dungeon)
Scrolls
 c - a scroll of vulnerability {unknown}
 e - a scroll of fear {unknown}
 h - 6 scrolls of identify {unknown}
 m - a scroll of immolation {unknown}
 r - a scroll of enchant weapon {unknown}
Potions
 b - a potion of magic
 l - 2 potions of curing {unknown}
 n - a potion of haste {unknown}
 o - a potion of ambrosia {unknown}
 p - a potion of brilliance {unknown}
 s - a potion of invisibility {unknown}

Dungeon Overview and Level Annotations

Branches:
Dungeon (3/15)

#...# #..........# #. #...#
#..........# #.
#...#####..........# #.
#.<.##.............# #.
##...##.............###. ..
+.....+..........)......
....##...##.................
.....#.(.####...............
...........@..).............
...........{o...............
...........)).########+#....
.#.#'##'#.....# ..... #.
#.......# ...... .
........... ....
#.##.......##.# .... #
........... . ....
...........


You could see an orc wizard.


Message History

The puff of flame hits you but does no damage.
HP[+1]
You miss something.
You hear some strange, mumbled words.
You are more confused.
The orc barely misses you. Something hits you but does no damage.
You're too confused to move!
Something hits you but does no damage. The orc barely misses you.
Something hits you but does no damage.
You hit the orc. You burn the orc.
You hear some strange, mumbled words.
A puff of flame appears from out of thin air!
The puff of flame misses you. The orc hits you with a +0 flail!
Something hits you but does no damage.
HP[-7]
You take 7 damage, and now have 18/33 hp.
MASSIVE DAMAGE!! (PAUSE)
You bump into the rock wall.
Something hits you but does no damage. The orc hits you with a +0 flail!
* * * LOW HITPOINT WARNING * * *
Something hits you but does no damage.
HP[-8]
You take 8 damage, and now have 10/33 hp.
MASSIVE DAMAGE!! (PAUSE)
You hear some strange, mumbled words.
You are more confused.
Things that are here:
a +0 short sword {short}; a potion of magic; an orc corpse Something hits you but does no damage.
The orc completely misses you. Something hits you.
* * * LOW HITPOINT WARNING * * *
Things that are here:
a +0 dagger {short}; a +0 robe; HP[-2]
You take 2 damage, and now have 8/33 hp.
An orc wizard appears from thin air!
Reactivating autopickup.
The orc wizard misses you. Something closely misses you.
HP[+1]
You closely miss the orc. Something hits you.
* * * LOW HITPOINT WARNING * * *
Deactivating autopickup; reactivate with Ctrl-A.
HP[-2]
You take 2 damage, and now have 7/33 hp.
You closely miss the orc wizard. Something hits you but does no damage.
The orc barely misses you.
The orc wizard hits you but does no damage.
You hit something but do no damage. Something hits you but does no damage.
The orc hits you but does no damage.
The orc wizard hits you but does no damage.
You hit the orc. You burn the orc.
You kill the orc!
Something hits you.
* * * LOW HITPOINT WARNING * * *
The orc wizard closely misses you.
HP[-2]
You take 2 damage, and now have 5/33 hp.
Something hits you but does no damage.
The orc wizard points at you and mumbles some strange words.
The puff of flame hits you but does no damage.
You completely miss something. Something hits you but does no damage.
You bump into the rock wall.
Something hits you but does no damage.
The orc wizard hits you but does no damage.
You hit the orc wizard. You burn the orc wizard.
Something hits you but does no damage.
The orc wizard hits you but does no damage.
You barely miss the orc wizard.
An orc wizard appears from thin air!
Reactivating autopickup.
The orc wizard hits you but does no damage. x2
HP[+1]
You hit the orc wizard. You burn the orc wizard.
You feel less confused. The orc wizard barely misses you.
The orc wizard mumbles some strange words.
The orc wizard flickers and vanishes!
Deactivating autopickup; reactivate with Ctrl-A.
You miss the orc wizard.
The orc wizard hits you with a +0 dagger.
* * * LOW HITPOINT WARNING * * *
You hear some strange, mumbled words.
A puff of flame appears from out of thin air!
The puff of flame misses you.
HP[-1]
You take 1 damage, and now have 5/33 hp.
You hit the orc wizard. You burn the orc wizard.
The orc wizard barely misses you. Something hits you but does no damage.
You closely miss the orc wizard.
The orc wizard hits you but does no damage.
You hear some strange, mumbled words.
A puff of flame appears from out of thin air!
The puff of flame hits you.
* * * LOW HITPOINT WARNING * * *
HP[-4]
You take 4 damage, and now have 1/33 hp.
You hit the orc wizard but do no damage.
The orc wizard hits you but does no damage.
Something hits you but does no damage.
You completely miss the orc wizard.
The orc wizard hits you with a +0 dagger.
You die...

Skill      XL: |  1  2 |
---------------+-------+-----
Spellcasting   | 2 |  2.5
Ice Magic      | 4 |  4.8
Dodging        | |  1.7
Stealth        | |  1.7

Action                   |  1- 3 |  4- 6 || total
-------------------------+-------+-------++-------
Melee: Dagger            |    75 |    16 ||    91
       Unarmed           |     4 |       ||     4
 Cast: Freeze            |    18 |       ||    18
  Use: Scroll            |     1 |       ||     1
 Stab: Sleeping          |     6 |       ||     6
Armor: Robe              |     7 |       ||     7
       Chain mail        |    51 |    32 ||    83
Dodge: Dodged            |    44 |    16 ||    60

Levels and vault maps discovered:
D:1:      lemuel_arrival_hallway, layout_loops_ring,
          corexii_item_surrounded_by_moat
D:2:      layout_basic, basic_altar, chequers_ecumenical_altar_grove
D:3:      layout_basic

Notes
Turn   | Place    | Note
-------+----------+-------------------------------------------
     0 | D:1      | zeratav the Demigod Ice Elementalist began the quest for
                  | the Orb.
     0 | D:1      | Reached XP level 1. HP: 14/14 MP: 5/5
     0 | D:1      | magus.rc [v1.9.6]
   286 | D:1      | Reached skill level 2 in Spellcasting
   419 | D:1      | Reached XP level 2. HP: 16/20 MP: 7/7
   479 | D:1      | Reached skill level 4 in Ice Magic
   694 | D:1      | Identified a scroll of acquirement
   694 | D:1      | Acquired the +3 pair of gauntlets of War {Slay+5}
   694 | D:1      | Found the +3 pair of gauntlets of War {Slay+5}
  1184 | D:2      | Reached XP level 3. HP: 25/26 MP: 9/9
  1301 | D:2      | HP: 6/26 [poisoned by a goblin]
  2479 | D:3      | Reached XP level 4. HP: 25/33 MP: 10/10
  2490 | D:3      | HP: 8/33 [something (2)]
  2496 | D:3      | HP: 5/33 [something (2)]
  2503 | D:3      | HP: 5/33 [orc wizard/+0 dagger (1)]
  2505 | D:3      | HP: 1/33 [something/puff of flame (4)]
  2507 | D:3      | Slain by an orc wizard

Vanquished Creatures
  An orc wizard (D:3)
  A worm (D:2)
  A dart slug (D:1)
  3 orcs (D:3)
  6 endoplasms
  2 giant cockroaches (D:1)
  5 goblins
  3 hobgoblins
  3 jackals (D:1)
  4 ball pythons
  5 bats
  3 frilled lizards
  5 kobolds
  3 rats
45 creatures vanquished.

Table legend:
 A = Non-vault XP
 B = Vault XP
 C = Vault XP percentage of total XP
 D = Non-vault monster count
 E = Vault monster count
 F = Vault count percentage of total count
                 A         B        C        D         E       F
            +---------+---------+-------+---------+---------+-------
      Total |     119 |       0 |   0.0 |      45 |       0 |   0.0
            +---------+---------+-------+---------+---------+-------
        D:1 |      39 |       0 |   0.0 |      23 |       0 |   0.0
        D:2 |      33 |       0 |   0.0 |      16 |       0 |   0.0
        D:3 |      47 |       0 |   0.0 |       6 |       0 |   0.0
            +---------+---------+-------+---------+---------+-------

Illustrated notes

Table legend:
 A = Kills in this place as a percentage of kills in entire the game.
 B = Kills by you in this place as a percentage of kills by you in the entire game.
 C = Kills by friends in this place as a percentage of kills by friends in the entire game.
 D = Other kills in this place as a percentage of other kills in the entire game.
 E = Experience gained in this place as a percentage of experience gained in the entire game.
 F = Experience gained in this place divided by the number of levels of this place that you have seen.
                   A       B       C       D       E      F
               +-------+-------+-------+-------+-------+----------------------
         Total | 100.0 | 100.0 |   N/A |   N/A | 100.0 |  39.7
       Dungeon | 100.0 | 100.0 |   N/A |   N/A | 100.0 |  39.7
               +-------+-------+-------+-------+-------+----------------------

Table legend: (Time is in decaauts)
 A = Elapsed time spent in this place.
 B = Non-inter-level travel time spent in this place.
 C = Inter-level travel time spent in this place.
 D = Time resting spent in this place.
 E = Time spent auto-exploring this place.
 F = Levels seen in this place.
 G = Mean time per level.
                   A        B        C        D        E       F      G
               +--------+--------+--------+--------+--------+-----+--------+
         Total |   2505 |   2411 |     94 |    533 |   1528 |   3 |  835.0 |
       Dungeon |   2505 |   2411 |     94 |    533 |   1528 |   3 |  835.0 |
               +--------+--------+--------+--------+--------+-----+--------+

Top non-repeatable levels by time:
     D:2: 1272 daAuts
     D:1: 1062 daAuts
     D:3: 170 daAuts
